 Dungeon Crawl Stone Soup version 0.31.0-12-g77e489cdc1 (webtiles) character file.

Game seed: 9931120115078351925

211925 sking99 the Wrestler (level 18, 0/170 HPs)
             Began as a Ghoul Monk on Feb 22, 2024.
             Was an Initiate of Gozag.
             Killed from afar by Ilsuiw (19 damage)
             ... with a shard of ice
             ... on level 2 of the Shoals.
             The game lasted 01:37:32 (37521 turns).

sking99 the Wrestler (Ghoul Monk)                  Turns: 37521, Time: 01:37:33

Health: 0/170      AC: 25    Str: 23    XL:     18   Next: 90%
Magic:  18/18      EV:  7    Int: 17    God:    Gozag
Gold:   4805       SH: 25    Dex: 14    Spells: 17/17 levels left

rFire   + .          .
                       - Unarmed
rCold   + + +        U - +2 tower shield {AC+3}
rNeg    + + +        j - +1 plate armour
rPois   ∞            m - +1 helmet
rElec   .            F - scarf of Tulips {rC+ rF+, rPois Will+ Dex-3}
rCorr   +            y - +1 pair of gloves of Golden Fun {Dex+6}
SInv    +            C - +0 pair of boots {Fly}
Will    ++...        W - amulet of Weijyef {Reflect rN+ rCorr SH+5} Stlth
                     T - ring "Eryvosy" {Str+2 Int+6 SInv}
HPRegen 0.00/turn    n - ring of protection from cold
MPRegen 0.16/turn

%: reflection
@: engulfed, gold aura, flying, inhibited regen
A: claws 1, cold resistance 1, negative energy resistance 3, inhibited
regeneration, torment resistance 2, devour on kill
}: 1/15 runes: gossamer
a: Renounce Religion, Potion Petition, Call Merchant, Bribe Branch


You were on level 2 of the Shoals.
You worshipped Gozag.
Gozag was most pleased with you.
You visited 5 branches of the dungeon, and saw 28 of its levels.
You also visited: Bailey.

You collected 13060 gold pieces.
You spent 771 gold pieces at shops.
You paid 7484 gold pieces to Gozag.

Inventory:

Missiles
 p - 2 throwing nets (quivered)
Armour
 j - a +1 plate armour (worn)
 m - a +1 helmet (worn)
 y - the +1 pair of gloves of Golden Fun (worn) {Dex+6}
   (You found it in a bailey)

   Dex+6:     It affects your dexterity (+6).
 C - a +0 pair of boots of flying (worn)
 F - the scarf of Tulips (worn) {rC+ rF+, rPois Will+ Dex-3}
   (You acquired it on level 3 of the Spider Nest)

   Dex-3:     It affects your dexterity (-3).
   rPois:     It protects you from poison Will+: It increases your willpower.
 U - a +2 tower shield of protection (worn)
Jewellery
 n - a ring of protection from cold (right hand)
 q - a ring of protection from cold
 r - an amulet of the acrobat
 T - the ring "Eryvosy" (left hand) {Str+2 Int+6 SInv}
   (You took it off an orc knight on level 12 of the Dungeon)

   [ring of intelligence]

   Str+2:     It affects your strength (+2).
   Int+6:     It affects your intelligence (+6).
   SInv:      It lets you see invisible.
 V - the ring of Xadduclaont {Fire Dex+4}
   (You took it off a tengu warrior on level 12 of the Dungeon)

   [ring of fire]

   Fire:      It enhances your fire magic.
   Dex+4:     It affects your dexterity (+4).
   rF+:       It protects you from fire.
   rC-:       It makes you vulnerable to cold.
 W - the amulet of Weijyef (around neck) {Reflect rN+ rCorr SH+5}
   (You found it on level 12 of the Dungeon)

   [amulet of reflection]

   Reflect:   It reflects blocked missile attacks.
   rN+:       It protects you from negative energy.
   rCorr:     It protects you from acid and corrosion.
   SH+5:      It affects your SH (+5).
 X - a ring of fire
Wands
 a - a wand of roots (30)
 s - a wand of paralysis (9)
 B - a wand of flame (62)
 G - a wand of quicksilver (8)
 R - a wand of digging (11)
 Y - a wand of mindburst (5)
Scrolls
 d - 3 scrolls of fear
 g - 3 scrolls of blinking
 k - 3 scrolls of revelation
 l - 13 scrolls of teleportation
 t - 6 scrolls of poison
 x - a scroll of vulnerability
 E - 3 scrolls of amnesia
 I - a scroll of silence
 K - 3 scrolls of immolation
 L - a scroll of brand weapon
 N - 4 scrolls of fog
 O - 2 scrolls of enchant armour
 Q - 3 scrolls of enchant weapon
 S - 5 scrolls of identify
Potions
 b - 6 potions of ambrosia
 e - 2 potions of invisibility
 f - a potion of attraction {unknown}
 h - 2 potions of curing
 i - 2 potions of cancellation
 o - 5 potions of enlightenment
 v - 3 potions of heal wounds
 w - 7 potions of resistance
 z - 2 potions of magic
 D - a potion of might
 H - 6 potions of haste
 P - 4 potions of brilliance
Miscellaneous
 c - a lightning rod (inert)
 u - a tin of tremorstones (inert)


   Skills:
 + Level 17.3 Fighting
 + Level 11.6 Armour
 - Level 2.9 Dodging
 + Level 14.4 Shields
 + Level 21.6 Unarmed Combat
 - Level 2.1 Earth Magic
 * Level 10.1 Evocations


You had 17 spell levels left.
You didn't know any spells.
Your spell library contained the following spells:

 Spells                   Type           Power      Damage    Failure   Level
 Sandblast                Erth           14%        2d6       96%         1
 Shock                    Conj/Air       0%         1d3       100%        1
 Slow                     Hex            0%         N/A       100%        1
 Sting                    Conj/Alch      0%         1d3       100%        1
 Cigotuvi's Dreadful Rot  Necr/Alch/Air  0%         N/A       100%        2
 Mercury Vapours          Alch/Air       0%         N/A       100%        2
 Confusing Touch          Hex            0%         N/A       100%        3
 Dazzling Flash           Conj/Hex       0%         N/A       100%        3
 Gell's Gravitas          Tloc           0%         N/A       100%        3
 Inner Flame              Hex/Fire       0%         N/A       100%        3
 Mephitic Cloud           Conj/Alch/Air  0%         N/A       100%        3
 Passwall                 Erth           7%         N/A       100%        3
 Sigil of Binding         Hex            0%         N/A       100%        3
 Stone Arrow              Conj/Erth      6%         3d7       100%        3
 Summon Ice Beast         Ice/Summ       0%         N/A       100%        3
 Swiftness                Air            0%         N/A       100%        3
 Teleport Other           Tloc           0%         N/A       100%        3
 Tukima's Dance           Hex            0%         N/A       100%        3
 Vampiric Draining        Necr           0%         2d6       100%        3
 Airstrike                Air            0%         2d(0-16)  100%        4
 Animate Armour           Summ/Erth      6%         N/A       100%        4
 Brom's Barrelling Bould  Conj/Erth      3%         2d3       100%        4
 Cause Fear               Hex            0%         N/A       100%        4
 Flame Wave               Conj/Fire      0%         2d4       100%        4
 Ignite Poison            Fire/Alch      0%         N/A       100%        4
 Leda's Liquefaction      Alch/Erth      1%         N/A       100%        4
 Manifold Assault         Tloc           0%         N/A       100%        4
 Olgreb's Toxic Radiance  Alch           0%         N/A       100%        4
 Passage of Golubria      Tloc           0%         N/A       100%        4
 Sticky Flame             Fire/Alch      0%         2d4       100%        4
 Summon Blazeheart Golem  Fire/Summ      0%         N/A       100%        4
 Summon Lightning Spire   Summ/Air       0%         N/A       100%        4
 Vhi's Electric Charge    Tloc/Air       0%         N/A       100%        4
 Arcjolt                  Conj/Air       0%         1d10      100%        5
 Curse of Agony           Necr           0%         N/A       100%        5
 Fireball                 Conj/Fire      0%         3d3       100%        5
 Freezing Cloud           Conj/Ice/Air   0%         6-21      100%        5
 Lee's Rapid Deconstruct  Erth           3%         3d5*      100%        5
 Silence                  Hex/Air        0%         N/A       100%        5
 Summon Mana Viper        Hex/Summ       0%         N/A       100%        5
 Yara's Violent Unravell  Hex/Alch       0%         3d3       100%        5
 Bombard                  Conj/Erth      1%         9d1       100%        6
 Dispersal                Tloc           0%         N/A       100%        6
 Plasma Beam              Fire/Air       0%         2x1d10    100%        6
 Starburst                Conj/Fire      0%         6d3       100%        6
 Monstrous Menagerie      Summ           0%         N/A       100%        7
 Orb of Destruction       Conj           0%         9d5       100%        7
 Ozocubu's Refrigeration  Ice            0%         4d7       100%        7
 Spellforged Servitor     Conj/Summ      0%         N/A       100%        7
 Discord                  Hex            0%         N/A       100%        8
 Disjunction              Tloc           0%         N/A       100%        8
 Lehudib's Crystal Spear  Conj/Erth      1%         10d2      100%        8
 Summon Horrible Things   Summ           0%         N/A       100%        8
 Dragon's Call            Summ           0%         N/A       100%        9


Dungeon Overview and Level Annotations

Branches:
Dungeon (15/15)            Temple (0/1) D:7            Lair (5/5) D:10
 Shoals (2/4) Lair:3       Spider (4/4) Lair:3          Orc (2/2) D:9
    Elf (0/3) Orc:2        Vaults (0/5) D:14         Depths (0/4) D:15
 Bailey (visited)
  Slime: Lair:4-5

Altars:
Ashenzari
Dithmenos
Fedhas
Gozag
Qazlal
Ru
Trog
Vehumet
Xom
Jiyva

Shops:
D:10 *   D:12 :   D:15 (   Orc:1 *   Orc:2 [(?*:::   Shoals:1 (

Portals:
Trove: D:13 (give +3 shadow dragon scales)

Annotations:
D:12 1 runed translucent door
D:15 exclusion: oklob plant
Lair:4 exclusion: oklob plant
Shoals:2 Ilsuiw; Polyphemus; nms23's ghost, adept DsCj


Innate Abilities, Weirdness & Mutations

You are immune to poison.
You have sharp fingernails.
Your flesh is cold resistant. (rC+)
You are immune to negative energy. (rN+++)
You do not regenerate when monsters are visible.
You are immune to unholy pain and torment.
You thrive by killing the living.


Message History

You punch the merfolk siren!
The merfolk siren is severely wounded.
Ilsuiw hits you but does no damage.
The merfolk siren chants its luring song.
You block the water elemental's attack.
You miss the merfolk siren.
The merfolk siren is severely wounded.
The water elemental barely misses you. You block the water elemental's attack.
You block Ilsuiw's attack.
The merfolk siren chants its luring song.
You pummel the merfolk siren!!
You are no longer entranced.
You kill the merfolk siren!
You hear a splash.
You block the water elemental's attack. x2; The water elemental hits you.
* * * LOW HITPOINT WARNING * * *
You block Ilsuiw's attack.
The water elemental is distracted by your dazzling golden aura.
The water elemental attacks as it pursues you!
You block the water elemental's attack. x2
Ilsuiw gestures wildly while chanting.
Ilsuiw blinks!
The water engulfing you falls away.
The water elemental attacks as it pursues you!
The water elemental hits you. You block the water elemental's attack.
Ilsuiw gestures wildly while chanting.
Ilsuiw blinks!
You block the water elemental's attack. The water elemental hits you.
The water elemental is no longer distracted by gold.
The water elemental attacks as it pursues you!
You block the water elemental's attack. You block the water elemental's attack.
The water elemental attacks as it pursues you!
The water elemental hits you!
* * * LOW HITPOINT WARNING * * *
The water elemental engulfs you in water!
Ilsuiw casts a spell at you. The shard of ice hits you!! You partially resist.
You die...
Your body crumbles into a pile of gold.

~~~~.# ##.$~~.~~~≈≈
~~~~..###..~~~~~~≈≈
≈~~~~..#..~~~~~~~≈≈
≈~~~~~.$~.~~~~~~~≈≈
≈~~~~~$~~~~~~~~≈≈≈
≈~~~~~~~~~E~~~≈≈≈≈
≈≈≈~~~~~~E~~~~≈≈≈≈
≈≈≈≈~~~~~~E~≈≈≈≈≈≈
≈≈≈≈~~~~~~@≈≈≈≈≈≈≈
≈≈≈≈≈~~~≈≈m≈≈≈≈≈≈≈
≈≈≈≈≈≈≈≈≈≈≈≈≈≈≈≈≈≈
≈≈≈≈≈≈≈≈≈≈≈≈≈≈≈≈≈≈
≈≈≈≈≈≈≈≈≈≈≈≈≈≈≈≈
###############


You could see Ilsuiw and 3 water elementals.

Vanquished Creatures
  Jorgrun (D:14)
  The ghost of Xischahosm the Grappler, an adept TrFi of Jiyva (Spider:1)
  The ghost of hackum the Tortoise, an adept DgHu (Spider:4)
  Aizul (Shoals:2)
  4 ghost moths (Spider:4)
  Louise (D:14)
  4 emperor scorpions
  An orc warlord (Orc:1)
  A stone giant (Orc:2)
  3 elemental wellsprings (Shoals:1)
  5 dire elephants
  A spark wasp (Spider:4)
  An entropy weaver (shapeshifter) (D:14)
  A merfolk impaler (Shoals:2)
  3 entropy weavers
  3 ogre magi
  7 hydras
  3 vault guards (D:14)
  2 catoblepae
  2 ice dragons
  8 boulder beetles
  5 centaur warriors
  5 radroaches
  13 two-headed ogres
  2 death knights
  5 jorogumos
  A dancing weapon (Spider:4)
  9 death yaks
  6 death scarabs (Spider:4)
  12 demonic crawlers
  A spectral emperor scorpion (Spider:4)
  A tengu warrior (D:12)
  Urug (Orc:1)
  4 skysharks
  Amaemon (D:10)
  3 skeletal warriors
  A spectral anaconda (Lair:5)
  6 pharaoh ants
  2 spectral death yaks (Lair:5)
  A salamander mystic (D:15)
  8 sea snakes
  2 deep trolls (Orc:2)
  7 orb spiders
  3 arcanists
  A spectral wolf spider (Spider:4)
  A phantasmal warrior (D:13)
  5 steelbarb worms
  5 necromancers
  7 orc knights
  3 deep elf pyromancers
  8 harpies
  An obsidian statue (Lair:5)
  3 orc sorcerers
  A wolf spider zombie (Spider:4)
  17 ugly things
  22 wolf spiders
  8 manticores
  3 kobold blastminers (Orc:1)
  10 cyclopes
  5 moths of wrath
  A meliai (shapeshifter) (D:14)
  3 meliai (Spider:2)
  2 dire elephant zombies (Lair:5)
  6 merfolk sirens
  Joseph (Lair:1)
  2 black mambas
  18 elephants
  2 water nymphs
  4 gargoyles (D:12)
  4 torpor snails
  2 unseen horrors (D:12)
  An orange demon (D:10)
  13 cane toads
  2 kobold demonologists (D:12)
  6 spectral redbacks (Spider:4)
  2 rime drakes
  6 komodo dragons
  A yaktaur (shapeshifter) (D:14)
  3 freezing wraiths
  3 redback zombies (Spider:4)
  13 trolls
  6 merfolk
  2 polar bears (Lair:4)
  2 spectral jumping spiders (Spider:4)
  17 tarantellas
  A wolf spider simulacrum (D:15)
  A spectral elephant (Lair:5)
  2 spectral tarantellas (Spider:4)
  9 dream sheep
  13 blink frogs
  A jumping spider zombie (Spider:4)
  30 culicivoras
  5 slime creatures
  2 shadows
  2 water elementals
  30 jumping spiders
  59 yaks
  A dire elephant simulacrum (Lair:5)
  7 wraiths
  6 wyverns
  20 humans (D:14)
  Eustachio (D:4)
  6 basilisks
  3 steam dragons
  3 wargs
  55 redbacks
  7 vampire mosquitoes
  A death yak simulacrum (Lair:5)
  A spectral cane toad (Lair:5)
  An acid dragon (D:10)
  14 water moccasins
  21 orc warriors
  An elephant zombie (Lair:5)
  A meliai simulacrum (D:15)
  2 ice beasts (D:6)
  15 wolves
  A boggart (D:12)
  22 ogres
  A crocodile (shapeshifter) (D:12)
  10 centaurs
  9 bullfrogs
  Blork the orc (D:6)
  5 scorpions
  A gnoll sergeant (D:8)
  A cane toad simulacrum (Lair:5)
  17 wights
  21 killer bees
  2 elephant simulacra (Lair:5)
  5 electric eels
  5 howler monkeys
  The ghost of Jib19100 the Cudgeller, a weakling GrBe of Trog (D:3)
  6 bombardier beetles
  A hound (D:6)
  19 orc priests
  A jelly (D:6)
  3 iguanas
  A sleepcap (D:5)
  Terence (D:2)
  14 orc wizards
  6 hell rats (Lair:4)
  10 gnolls
  5 adders
  3 shadow imps
  2 ufetubi (D:7)
  2 ribbon worms (D:3)
  A dart slug (D:5)
  81 orcs
  8 ball pythons
  16 bats
  6 endoplasms
  A giant cockroach (D:2)
  11 goblins
  4 hobgoblins
  5 jackals
  17 kobolds
  4 quokkas
  5 frilled lizards
  5 rats
  A butterfly (D:6)
1037 creatures vanquished.

Vanquished Creatures (others)
  A yak (Lair:4)
1 creature vanquished.

Grand Total: 1038 creatures vanquished

Notes
Turn   | Place    | Note
-------+----------+-------------------------------------------
     0 | D:1      | sking99 the Ghoul Monk began the quest for the Orb.
     0 | D:1      | Reached XP level 1. HP: 19/19 MP: 1/1
   125 | D:1      | Reached XP level 2. HP: 26/26 MP: 2/2
   566 | D:1      | Learned a level 1 spell: Sandblast
   619 | D:1      | Reached XP level 3. HP: 31/31 MP: 3/3
  1141 | D:1      | Reached skill level 4 in Unarmed Combat
  1246 | D:2      | Reached skill level 1 in Shields
  1246 | D:2      | Reached skill level 1 in Earth Magic
  1246 | D:2      | Reached XP level 4. HP: 25/40 MP: 4/4
  1512 | D:2      | Noticed Terence
  1530 | D:2      | Killed Terence
  1531 | D:2      | Reached XP level 5. HP: 23/46 MP: 5/5
  2243 | D:3      | Found a runed translucent door.
  2248 | D:3      | Noticed Jib19100's ghost (weakling GrBe)
  2543 | D:3      | Reached skill level 5 in Unarmed Combat
  2551 | D:3      | Reached XP level 6. HP: 49/53 MP: 6/6
  2559 | D:3      | Killed Jib19100's ghost
  2726 | D:4      | Noticed Eustachio
  2741 | D:4      | Killed Eustachio
  2904 | D:4      | Found an opulent altar of Gozag.
  2932 | D:4      | Became a worshipper of Gozag Ym Sagoz the Greedy
  3062 | D:4      | Reached skill level 6 in Unarmed Combat
  3062 | D:4      | Reached XP level 7. HP: 60/60 MP: 7/7
  3337 | D:4      | Reached skill level 5 in Fighting
  3388 | D:5      | Entered Level 5 of the Dungeon
  4031 | D:5      | Reached skill level 7 in Unarmed Combat
  4185 | D:5      | Reached XP level 8. HP: 69/69 MP: 8/8
  4656 | D:6      | Reached skill level 8 in Unarmed Combat
  4740 | D:6      | Noticed Blork the orc
  4756 | D:6      | Killed Blork the orc
  4980 | D:6      | Reached skill level 9 in Unarmed Combat
  5000 | D:6      | Reached XP level 9. HP: 68/78 MP: 9/9
  5201 | D:6      | Found a shimmering altar of Xom.
  5358 | D:7      | Reached skill level 5 in Shields
  5380 | D:7      | Noticed a manticore
  5618 | D:7      | Killed a manticore
  5619 | D:7      | Reached skill level 10 in Unarmed Combat
  5771 | D:7      | Reached skill level 11 in Unarmed Combat
  5771 | D:7      | Reached XP level 10. HP: 31/88 MP: 10/10
  6245 | D:7      | Found a stormy altar of Qazlal.
  6254 | D:7      | Found a staircase to the Ecumenical Temple.
  6614 | D:7      | Found a shadowy altar of Dithmenos.
  6645 | D:7      | Found a sacrificial altar of Ru.
  7186 | D:8      | Identified the +3 mace of the Purse {protect, Will- Str+8
                  | Stlth+}
  7221 | D:8      | Found a radiant altar of Vehumet.
  8061 | D:9      | Reached skill level 12 in Unarmed Combat
  8471 | D:9      | Found a flagged portal.
  8477 | Bailey   | Entered a bailey
  8486 | Bailey   | Noticed an orc knight
  8486 | Bailey   | Noticed an orc knight
  8486 | Bailey   | Noticed an orc knight
  8584 | Bailey   | Killed an orc knight
  8900 | Bailey   | Killed an orc knight
  8901 | Bailey   | Reached skill level 13 in Unarmed Combat
  8901 | Bailey   | Reached XP level 11. HP: 65/97 MP: 11/11
  9042 | Bailey   | Killed an orc knight
  9287 | Bailey   | Identified the +2 battleaxe of Dawn {drain, +Blink}
  9292 | Bailey   | Identified the +1 pair of gloves of Golden Fun {Dex+6}
  9584 | D:9      | Found a staircase to the Orcish Mines.
  9827 | D:9      | Reached skill level 10 in Fighting
 10166 | D:9      | Noticed a four-headed hydra
 10174 | D:9      | Killed a four-headed hydra
 10373 | D:10     | Entered Level 10 of the Dungeon
 10744 | D:10     | Found a staircase to the Lair.
 10791 | D:10     | Noticed Amaemon
 10809 | D:10     | Killed Amaemon
 10810 | D:10     | Reached skill level 14 in Unarmed Combat
 10992 | D:10     | Found Ishill's Demolitions Depot.
 11318 | D:10     | Found a bloodstained altar of Trog.
 11326 | D:10     | Found a broken altar of Ashenzari.
 11744 | Lair:1   | Entered Level 1 of the Lair of Beasts
 11861 | Lair:1   | Reached XP level 12. HP: 104/108 MP: 12/12
 11960 | Lair:1   | Reached skill level 15 in Unarmed Combat
 12434 | Lair:1   | Reached skill level 1 in Armour
 12496 | Lair:1   | Noticed Joseph
 12510 | Lair:1   | Killed Joseph
 13586 | Lair:2   | Reached skill level 16 in Unarmed Combat
 13829 | Lair:2   | Noticed a seven-headed hydra
 13843 | Lair:2   | Killed a seven-headed hydra
 13844 | Lair:2   | Reached XP level 13. HP: 108/118 MP: 13/13
 14348 | Lair:3   | Found a hole to the Spider Nest.
 14568 | Lair:3   | Got the Notes on the Supportive Salamander
 15089 | Lair:3   | Found a staircase to the Shoals.
 15347 | Lair:3   | Reached skill level 10 in Shields
 15815 | Lair:4   | Reached skill level 17 in Unarmed Combat
 15951 | Lair:4   | Reached skill level 5 in Armour
 16767 | Lair:4   | Found a viscous altar of Jiyva.
 16796 | Lair:5   | Entered Level 5 of the Lair of Beasts
 16807 | Lair:5   | Reached XP level 14. HP: 120/129 MP: 14/14
 17401 | Lair:5   | Reached skill level 18 in Unarmed Combat
 17852 | Lair:5   | Noticed a dire elephant
 17852 | Lair:5   | Noticed a dire elephant
 17852 | Lair:5   | Noticed a dire elephant
 17852 | Lair:5   | Noticed a dire elephant
 17871 | Lair:5   | Killed a dire elephant
 18518 | Lair:5   | Identified the amulet "Idelegu" {+Blink Regen+ rCorr Int-3
                  | Dex-3}
 18599 | Lair:5   | Killed a dire elephant
 18628 | Lair:5   | Killed a dire elephant
 18634 | Lair:5   | Killed a dire elephant
 19298 | Orc:1    | Entered Level 1 of the Orcish Mines
 19321 | Orc:1    | Found Kafod's Assorted Antiques.
 19323 | Orc:1    | Noticed Urug
 19334 | Orc:1    | Killed Urug
 19466 | Orc:1    | Paralysed by an orc sorcerer for 3 turns
 19492 | Orc:1    | Reached skill level 19 in Unarmed Combat
 19656 | Orc:2    | Entered Level 2 of the Orcish Mines
 19662 | Orc:2    | Noticed an orc warlord
 19772 | Orc:2    | Reached XP level 15. HP: 95/138 MP: 15/15
 19793 | Orc:1    | Killed an orc warlord
 20504 | Orc:2    | Found a staircase to the Elven Halls.
 20626 | Orc:2    | Found Pehakim's Book Shoppe.
 20631 | Orc:2    | Found Uzeviqa's Book Shoppe.
 20681 | Orc:2    | Found Wivaugga's Book Boutique.
 20690 | Orc:2    | Found Sudgh's Weapon Emporium.
 20849 | Orc:2    | Bought a scroll of revelation for 127 gold pieces
 20853 | Orc:2    | Bought a pitted plate armour for 644 gold pieces
 20853 | Orc:2    | Identified the +4 plate armour "Vealiyho" {*Slow rElec
                  | rPois Str+4} (You bought it in a shop on level 2 of the
                  | Orcish Mines)
 21544 | D:11     | Identified the +4 war axe of Uncertain Death {venom, rC+
                  | Int+2}
 22375 | D:12     | Found Anked's Book Emporium.
 22590 | D:12     | Reached skill level 1 in Evocations
 22989 | D:12     | Found a runed translucent door.
 22989 | D:12     | Found a runed translucent door.
 22989 | D:12     | Found a runed translucent door.
 23556 | D:12     | Reached skill level 20 in Unarmed Combat
 23898 | D:12     | Reached XP level 16. HP: 147/147 MP: 16/16
 23900 | D:12     | Identified the ring of Xadduclaont {Fire Dex+4}
 23907 | D:12     | Reached skill level 15 in Fighting
 23907 | D:12     | Identified the ring of Hospitality {rPois EV+5 Dex+3
                  | Stlth-}
 23918 | D:12     | Identified the ring "Eryvosy" {Str+2 Int+6 SInv}
 23920 | D:12     | Paralysed by something for 5 turns
 24044 | D:12     | Identified the amulet of Weijyef {Reflect rN+ rCorr SH+5}
 24548 | D:13     | Found a portal to a secret trove of treasure.
 25265 | D:13     | Identified the +7 whip of Action {freeze, rPois rF++ Dex+3}
 25329 | D:14     | Noticed Louise
 25364 | D:14     | Killed Louise
 25774 | D:14     | Found a gate to the Vaults.
 26283 | D:14     | Noticed Jorgrun
 26310 | D:14     | Killed Jorgrun
 26764 | D:15     | Entered Level 15 of the Dungeon
 26961 | D:15     | Reached skill level 5 in Evocations
 27195 | D:15     | Found Neufrec's Weapon Boutique.
 27407 | D:15     | Found a staircase to the Depths.
 27672 | D:15     | Found a blossoming altar of Fedhas.
 28059 | Spider:1 | Entered Level 1 of the Spider Nest
 28195 | Lair:3   | Reached XP level 17. HP: 51/158 MP: 17/17
 28401 | Lair:3   | Reached skill level 10 in Armour
 28526 | Lair:3   | HP: 6/158 [steelbarb worm (5)]
 28803 | Lair:3   | HP: 5/158 [wolf spider (5)]
 29700 | Spider:1 | Found a runed translucent door.
 29700 | Spider:1 | Noticed Xischahosm's ghost (adept TrFi)
 30032 | Spider:1 | Killed Xischahosm's ghost
 30959 | Spider:2 | Reached skill level 21 in Unarmed Combat
 31435 | Spider:3 | Identified a scroll of acquirement
 31438 | Spider:3 | Acquired the scarf of Tulips {rC+ rF+, rPois Will+ Dex-3}
 32553 | Spider:4 | Entered Level 4 of the Spider Nest
 32885 | Spider:4 | Reached XP level 18. HP: 116/168 MP: 18/18
 33453 | Spider:4 | Found a runed translucent door.
 33454 | Spider:4 | Found a shimmering altar of Xom.
 33454 | Spider:4 | Noticed hackum's ghost (adept DgHu)
 33454 | Spider:4 | Identified the +3 demon blade of the Skies Above {chaos,
                  | Dex+2}
 35467 | Spider:4 | Got a gossamer rune of Zot
 35610 | Spider:4 | Killed hackum's ghost
 35867 | Shoals:1 | Entered Level 1 of the Shoals
 35867 | Shoals:1 | Found Kurhuss's Antique Weapon Boutique.
 36723 | Shoals:1 | Reached skill level 10 in Evocations
 36821 | Shoals:1 | Identified the +2 hand axe "Obomaplo" {protect, rN+}
 37084 | Shoals:2 | Noticed nms23's ghost (adept DsCj)
 37338 | Shoals:2 | Noticed Ilsuiw
 37348 | Shoals:2 | Noticed Polyphemus
 37384 | Shoals:2 | Identified the serpent talisman "Buqalaoc" {rC+ SInv}
 37384 | Shoals:2 | Noticed Aizul
 37393 | Shoals:2 | Killed Aizul
 37521 | Shoals:2 | Killed from afar by Ilsuiw

Illustrated notes

Levels and vault maps discovered:
D:1:      minmay_arrival_split_and_join, layout_basic
D:2:      layout_rooms, uniq_terence
D:3:      layout_basic, ebering_ghost_sewer_d, minmay_starry_boxes
D:4:      layout_basic, grunt_gozag_statues, elyvilon_altar_5, uniq_eustachio
D:5:      layout_loops_cross, roderic_batcave
D:6:      layout_rooms, xom_butterflies, grunt_ministairs_7,
          kennysheep_generic_room_6, uniq_blork_the_orc
D:7:      layout_basic, jmf_multi_god_temple2, nicolae_qazlal_eye_of_the_storm,
          temple_green, lemuel_flamethrower_2
D:8:      layout_basic, kennysheep_mini, vehumet_crystals,
          kennysheep_generic_room_7
D:9:      layout_loops_ring, hiddenorc2_lemuel, enter_bailey_2,
          minmay_microvault
D:10:     layout_irregular_city, amethyst_overflow_temple_binary,
          lair_entry_dummy, nicolae_blasting_shop, uniq_amaemon
D:11:     layout_layer_cave
D:12:     minmay_the_grid_triangle_9x9_rhombus_full
          [minmay_the_grid_triangle_9x9_wacky_v,
          minmay_the_grid_triangle_9x9_flanged_cone,
          minmay_the_grid_triangle_9x9_cache,
          minmay_the_grid_triangle_9x9_fully_insulated_deathbox,
          minmay_the_grid_triangle_9x9_pentomino_pain,
          minmay_the_grid_triangle_9x9_limited_checkers,
          minmay_the_grid_triangle_9x9_intruding_spiral,
          minmay_the_grid_triangle_9x9_prize_special], layout_irregular_city,
          serial_shops, shop, grunt_decor_mini_mirrors, lemuel_old_faithful
D:13:     minmay_spotlight, layout_grid_maze, nicolae_trove_entry_crystal
D:14:     kennysheep_ambush_hall, layout_basic, grunt_vaults_entry_tiered,
          eino_curves_04, uniq_jorgrun, uniq_louise
D:15:     hangedman_depths_entry_try_elsewhere_first, layout_cross,
          serial_shops, nicolae_shop_rolling_square, minmay_misc_feat_iff,
          tgw_fedhas
Lair:1:   layout_regular_city, guppyfry_lair_drakes, lemuel_fruit_tree,
          infiniplex_staircase_pool, uniq_joseph
Lair:2:   layout_regular_city, grunt_megastairs_3, serial_bayou_shore_a
Lair:3:   layout_chaotic_city, minmay_shoals_entry_lonely_mermaid,
          nicolae_spider_entry_tight_spaces
Lair:4:   layout_loops_ring, minmay_slime_entry_oklob_enclosed,
          grunt_megastairs_1, serial_bayou_shore_b
Lair:5:   due_jungle_book, layout_regular_city, nicolae_quartered_pool_impasse,
          serial_bayou_shore_b, serial_bayou_shore_b
Shoals:1: layout_shoals, serial_shops, nicolae_shop_overgrown_old_shop,
          nicolae_shoals_spring_well_temple
Shoals:2: layout_shoals, hellmonk_ghost_happy_afterlife, uniq_ilsuiw,
          uniq_polyphemus, uniq_aizul, uniq_roxanne
Spider:1: layout_chambers, gammafunk_ghost_grave, einodemon_crawler_minivault
Spider:2: layout_spider_delve, hangedman_spider_tarantella_strand
Spider:3: layout_spider_delve, portal_ice_cave_entry_dragon
Spider:4: floodkiller_spider_rune_tomb, ebering_ghost_xom, hellmonk_test_site
Orc:1:    layout_caves, serial_shops, nicolae_shop_crystal, mines2_david,
          uniq_urug
Orc:2:    st_orc_open, layout_caves

Skill      XL: |  1  2  3  4  5  6  7  8  9 10 11 12 13 14 15 16 17 18 |
---------------+-------------------------------------------------------+-----
Unarmed Combat | 4 5 6 7 9 11 13 14 16 17 19 20 21 | 21.6
Shields        | 1 2 3 4 6 7 8 9 10 11 12 13 14 | 14.4
Earth Magic    | 1 2 |  2.1
Fighting       | 4 5 6 8 9 10 12 13 14 15 16 17 | 17.3
Armour         | 3 5 7 8 9 10 11 | 11.6
Evocations     | 2 5 8 10 | 10.1
Dodging        | |  2.9

Action                     |  1- 3 |  4- 6 |  7- 9 | 10-12 | 13-15 | 16-18 || total
---------------------------+-------+-------+-------+-------+-------+-------++-------
  Melee: Unarmed           |   118 |   140 |   332 |   881 |  1378 |  1908 ||  4757
   Cast: Sandblast         |       |     4 |       |       |       |       ||     4
 Invoke: Potion Petition   |       |       |     1 |       |     2 |    10 ||    13
         Call Merchant     |       |       |       |       |     3 |       ||     3
  Evoke: Wand              |       |       |       |     3 |       |     1 ||     4
         Tin of tremorston |       |       |       |       |       |     3 ||     3
         Lightning rod     |       |       |       |       |       |     4 ||     4
    Use: Scroll            |       |    10 |     3 |     8 |     3 |    10 ||    34
         Potion            |       |       |     2 |     1 |     5 |     7 ||    15
   Stab: Distracted        |       |     1 |     3 |     6 |     7 |     8 ||    25
         Petrified         |       |       |       |       |     2 |       ||     2
         Invisible         |       |       |       |       |     9 |       ||     9
 Armour: Robe              |    64 |    16 |       |       |       |       ||    80
         Scale mail        |       |    52 |    62 |       |       |       ||   114
         Chain mail        |       |       |   162 |   183 |       |       ||   345
         Plate armour      |       |       |       |   369 |   884 |  1577 ||  2830
  Dodge: Dodged            |    87 |    52 |   127 |   191 |   219 |   395 ||  1071
  Block: Buckler           |    51 |    37 |   121 |   245 |       |       ||   454
         Kite shield       |       |       |       |   150 |   883 |   870 ||  1903
         Tower shield      |       |       |       |       |       |  1222 ||  1222
         Reflection        |       |       |       |       |       |    16 ||    16
